Dirigibles, neutral male gnomish Wizard --------- |.......| --------- |........ #......... |.......| ----------# ###|.......| |........# #.........|# # |.......+ |.......|# #|.....(...##########-.......| ------|--# #|........| |.......| ## # #........<| -------|-# # # ###|........| ### ### # ---------- ##### # ### ####### ##### # #---.-# #### # #---.--### #|....## ------.-|- #|....|# #....|#####+........| #|...>|# |...|#####|........| #.....-# |....# # #.........| |....| ----- ##|.....%..| ------ .......).| ------+--- Dirigibles the Conjurer Experience level: 3 Strength: 12 Dexterity: 13 Constitution: 11 Intelligence: 18 Wisdom: 12 Charisma: 11 Health: 21(21) Energy: 19(19) Def: 2 Gold: 370 Moves: 1874 Dungeon seed: 0fEAEhRXJWyZdgbB Game ID: Dirigibles_1576978274 Your Inventory: Coins $ - 370 gold pieces Weapons a - a blessed +1 quarterstaff (weapon in hands) p - a blessed +0 orcish dagger Armor e - an uncursed +0 cloak of magic resistance (being worn) y - an uncursed +0 orcish helm (being worn) Scrolls i - 2 uncursed scrolls of identify j - an uncursed scroll of stinking cloud k - an uncursed scroll of scare monster Spellbooks l - a blessed spellbook of force bolt m - an uncursed spellbook of cure sickness Potions f - an uncursed potion of invisibility g - an uncursed potion of water h - an uncursed potion of paralysis t - an uncursed potion of extra healing Rings c - an uncursed +1 ring of adornment (on right hand) d - an uncursed +1 ring of gain strength (on left hand) s - a cursed ring of polymorph Wands b - a wand of create monster (0:12) Tools n - an uncursed blindfold Gems q - a cursed loadstone Spells and supernatural/magical abilities: Name Level Category Fail Memory a - force bolt 1 attack 0% 91% K - cure sickness 3 healing 92% 91% W - pray for help -- divine ? -- Your skills at the end: Fighting Skills Weapon Skills quarterstaff [Basic] Spellcasting Skills attack spells [Basic] enchantment spells [Basic] Final Attributes: You were devoutly aligned. You were magic-protected. You had infravision. You were adorned. You are dead. Vanquished creatures: 2 hobbits a giant rat 2 geckos 6 jackals a fox a kobold 2 goblins 2 sewer rats 3 lichens 2 kobold zombies 2 newts 24 creatures vanquished. Voluntary challenges: You were an atheist. You used a wielded weapon 17 times, starting on turn 1. You were illiterate. You never genocided any monsters. You never polymorphed an object. You never changed form. You used no wishes. You never split a pudding. You never wrote Elbereth's name. You never violated your personal moral code. Dungeon overview: The Dungeons of Doom: levels 1 to 3 Level 1 a long staircase Level 2 Level 3 <- You were here History has recorded: On T:1 you entered the Dungeons of Doom to retrieve the Amulet of Yendor! On T:240 you reached level 2 of The Dungeons of Doom. On T:346 you advanced to experience level 2. On T:1004 you reached level 3 of The Dungeons of Doom. On T:1272 you advanced to experience level 3. Score breakdown: Gold: 370 ( 8740 points) Experience: 3 levels ( 7878 points) Exploration: 3 levels ( 6.00%) ( 6060 points) Discoveries: 0 items ( 0.00%) ( 0 points) Valuables value: (no points given unless you survive) Artifact value: 0 ( 0 points) Variety of kills: 11 monsters ( 2.89%) ( 5097 points) Turncount: 1874 turns ( 0 points) Survival: died (score multiplied by 80%) Total score: 22220 Latest messages: You come to. That command is only available in debug mode. (6x) You faint from lack of food. It hits! (3x) You come to. That command is only available in debug mode. You attack thin air. You faint from lack of food. You come to. You see here a sling. You faint from lack of food. You come to. You faint from lack of food. You come to. You hear someone counting money. You faint from lack of food. You come to. You faint from lack of food. You come to. You faint from lack of food. You come to. You faint from lack of food. You come to. You faint from lack of food. You die from starvation. Final status: Goodbye Dirigibles the Wizard, died of starvation, while fainted from lack of food... You starved in The Dungeons of Doom on dungeon level 3 with 22220 points, and 370 pieces of gold, after 1874 moves. You were level 3 with a maximum of 21 hit points when you starved.